 Dungeon Crawl Stone Soup version 0.28-a0-390-gb254ac4902 (webtiles) character file.

Game seed: 7976249536936379524

893 robertstho the Magician (level 8, -4/52 HPs)
             Began as a Djinni Fire Elementalist on Sept 3, 2021.
             Slain by a necrophage (6 damage)
             ... on level 6 of the Dungeon.
             The game lasted 00:10:57 (8436 turns).

robertstho the Magician (Djinni Fire Elementalist)  Turns: 8436, Time: 00:10:58

Health: -4/52      AC:  2    Str:  7    XL:     8   Next: 27%
Gold:   235        EV: 10    Int: 19    God:
                   SH: 10    Dex: 14

rFire   + + +      SeeInvis +   e - +1 dagger (elec)
rCold   . . .      Faith    .   n - +2 kite shield
rNeg    . . .      Spirit   .   a - +0 robe
rPois   ∞          Reflect  .   (no helmet)
rElec   +          Harm     .   d - +0 cloak
rCorr   +          Rampage  .   (no gloves)
Will    +....                   (boots unavailable)
Stlth   ++........              (no amulet)
HPRegen 0.17/turn               s - ring of see invisible
MPRegen 0.00/turn               l - ring of protection from fire

@: mighty, resistant, flying
A: sickness immunity, fire resistance 2, cold vulnerability 1, float, innate
caster, hp casting, extra vitality 1, deformed body, strong-willed 1
a: no special abilities


You were on level 6 of the Dungeon.
You visited 1 branch of the dungeon, and saw 6 of its levels.

You collected 235 gold pieces.

Inventory:

Hand Weapons
 b - a +0 dagger
 e - a +1 dagger of electrocution (weapon)
Missiles
 r - 2 throwing nets
Armour
 a - a +0 robe (worn)
 d - a +0 cloak (worn)
 n - a +2 kite shield (worn)
Jewellery
 i - a ring of ice
 l - a ring of protection from fire (right hand)
 s - a ring of see invisible (left hand)
Wands
 f - a wand of acid (9)
 j - a wand of polymorph (8)
 t - a wand of flame (13)
Scrolls
 m - a scroll of holy word
 v - a scroll of enchant armour
Potions
 g - 3 potions of lignification
 h - a potion of flight
 q - a potion of brilliance


   Skills:
 + Level 1.0 Fighting
 + Level 0.9 Short Blades
 + Level 3.3 Dodging
 + Level 2.4 Stealth
 + Level 2.1 Shields
 + Level 6.3 Spellcasting


You had one spell level left.
You knew the following spells:

 Your Spells              Type           Power      Damage    Failure   Level
a - Foxfire               Conj/Fire      100%       2x1d9     4%          1
b - Scorch                Fire           60%        2d8       6%          2
c - Conjure Flame         Conj/Fire      30%        6-21      12%         3
d - Inner Flame           Hex/Fire       30%        N/A       12%         3
e - Flame Wave            Conj/Fire      30%        3d7       38%         4
f - Corona                Hex            33%        N/A       4%          1
g - Blink                 Tloc           N/A        N/A       6%          2
h - Static Discharge      Conj/Air       30%        N/A       6%          2
Your spell library was empty.

Dungeon Overview and Level Annotations

Branches:
Dungeon (6/15)
 Temple: D:4-7

Altars:
Elyvilon
Qazlal
Ru
Yredelemnul

Annotations:
D:3 2 runed translucent doors, sizableburger's ghost, amateur PaHu
D:5 1 runed translucent door


Innate Abilities, Weirdness & Mutations

You are immune to sickness and miasma.
You are immune to poison.
Your flesh is very heat resistant. (rF++)
You are vulnerable to cold. (rC-)
You float through the air rather than walking.
You learn spells naturally, not from books.
Your magical power is your life essence.
You have superior vitality. (+4 HP)
Armour fits poorly on your strangely shaped body.
You are strong-willed. (Will+)


Message History

It was a potion of resistance.
You feel protected. The white imp puffs mist at you.
The white imp gestures at you. The puff of frost misses you.
Casting: Scorch (safe; 6% risk of failure)
Confirm with . or Enter, or press ? or * to list all spells.
Flames lash the necrophage.
The necrophage is lightly damaged.
The necrophage's fire resistance burns away.
* * * LOW HITPOINT WARNING * * *
Casting: Scorch (safe; 6% risk of failure)
Confirm with . or Enter, or press ? or * to list all spells.
Flames lash the necrophage.
The necrophage is burned terribly!
The necrophage is heavily damaged.
* * * LOW HITPOINT WARNING * * *
Casting: Scorch (safe; 6% risk of failure)
Confirm with . or Enter, or press ? or * to list all spells.
Flames lash the necrophage.
The necrophage is burned terribly!
The necrophage is almost destroyed.
* * * LOW HITPOINT WARNING * * *
You block the necrophage's attack.
Casting: Scorch (safe; 6% risk of failure)
Confirm with . or Enter, or press ? or * to list all spells.
Flames lash the white imp.
The white imp is burned terribly!
The white imp is almost dead.
The white imp's fire resistance burns away.
* * * LOW HITPOINT WARNING * * *
The necrophage is no longer more vulnerable to fire.
You block the necrophage's attack.
Casting: Scorch (safe; 6% risk of failure)
Confirm with . or Enter, or press ? or * to list all spells.
Flames lash the white imp.
The white imp is burned terribly!
You kill the white imp!
* * * LOW HITPOINT WARNING * * *
The necrophage hits you.
* * * LOW HITPOINT WARNING * * *
The necrophage barely misses you. The necrophage hits you.
You die...

#.##.##.#.......#.
..... #.# #....
####.####.####.###
#.......^...##.#
#.##.##.#.#.##.#
#.##.##.#.#.##.#
#.##.##.#......#
#.##.##.#.....##
#@......#.....#
#n......#.....#
#..#.##.#.....#
#..#.# #######
#..# # #..# ....
###.. ..


You could see a necrophage.

Vanquished Creatures
  A black bear (D:5)
  A necrophage (D:5)
  A centaur (D:6)
  A scorpion (D:5)
  A howler monkey (D:6)
  A centaur skeleton (D:5)
  A hound (D:5)
  2 jellies (D:4)
  A bullfrog skeleton (D:6)
  An iguana (D:4)
  Ijyb (D:4)
  A human skeleton (D:5)
  A killer bee zombie (D:6)
  A hound zombie (D:5)
  A hound skeleton (D:4)
  Robin (D:4)
  3 gnolls (D:4)
  A howler monkey skeleton (D:6)
  6 adders
  2 white imps (D:6)
  An ufetubus (D:6)
  An adder skeleton (D:2)
  A worm (D:2)
  4 dart slugs
  19 orcs
  5 bats
  7 endoplasms
  3 giant cockroaches
  19 goblins
  8 hobgoblins
  6 jackals
  5 kobolds
  3 quokkas
  8 ball pythons
  5 frilled lizards
  A jackal zombie (D:5)
  A rat (D:2)
126 creatures vanquished.

Vanquished Creatures (others)
  516 foxfires
516 creatures vanquished.

Grand Total: 642 creatures vanquished

Notes
Turn   | Place    | Note
-------+----------+-------------------------------------------
     0 | D:1      | robertstho the Djinni Fire Elementalist began the quest for
                  | the Orb.
     0 | D:1      | Reached XP level 1. HP: 15/15 MP: 0/0
   284 | D:1      | Found Ziohiet's Magic Scroll Shoppe.
   296 | D:1      | Reached XP level 2. HP: 13/21 MP: 0/0
   530 | D:1      | Found a faded altar of an unknown god.
   678 | D:1      | Reached skill level 3 in Spellcasting
   777 | D:1      | Reached XP level 3. HP: 20/25 MP: 0/0
   777 | D:1      | Learned a level 1 spell: Corona
  1872 | D:2      | Reached XP level 4. HP: 29/31 MP: 0/0
  3026 | D:3      | Found a runed translucent door.
  3031 | D:3      | Noticed sizableburger's ghost (amateur PaHu)
  3234 | D:3      | Found a runed translucent door.
  3704 | D:4      | Reached skill level 4 in Spellcasting
  3704 | D:4      | Reached XP level 5. HP: 15/35 MP: 0/0
  3704 | D:4      | Learned a level 2 spell: Blink
  3934 | D:4      | Found a white marble altar of Elyvilon.
  4486 | D:4      | Reached XP level 6. HP: 27/40 MP: 0/0
  4886 | D:4      | Reached skill level 1 in Shields
  5252 | D:4      | Noticed Ijyb
  5279 | D:4      | Killed Ijyb
  5759 | D:4      | Noticed Robin
  5770 | D:4      | Killed Robin
  5784 | D:4      | Gained mutation: Armour fits poorly on your strangely
                  | shaped body. [potion of mutation]
  5784 | D:4      | Gained mutation: You are strong-willed. (Will+) [potion of
                  | mutation]
  6846 | D:5      | Entered Level 5 of the Dungeon
  6852 | D:5      | Found a sacrificial altar of Ru.
  6990 | D:5      | Reached skill level 5 in Spellcasting
  6990 | D:5      | Reached XP level 7. HP: 30/45 MP: 0/0
  6990 | D:5      | Learned a level 2 spell: Static Discharge
  7165 | D:5      | Found a runed translucent door.
  7165 | D:5      | Noticed a human
  7167 | D:5      | Found a basalt altar of Yredelemnul.
  7896 | D:5      | Found a stormy altar of Qazlal.
  8356 | D:6      | Reached XP level 8. HP: 39/51 MP: 0/0
  8377 | D:6      | Reached skill level 6 in Spellcasting
  8382 | D:6      | Reached skill level 1 in Fighting
  8434 | D:6      | HP: 1/52 [necrophage (3)]
  8436 | D:6      | Slain by a necrophage

Illustrated notes

Levels and vault maps discovered:
D:1:      enne_arrival_octagon_isle, layout_rooms, ebering_ecumenical_altar_box,
          serial_shops, shop
D:2:      layout_loops_ring
D:3:      layout_basic, ebering_ghost_sewer_f
D:4:      kennysheep_goblin_castle, layout_loops_corners,
          mainiacjoe_overflow_brackets, kennysheep_pointless_box, uniq_robin
D:5:      layout_basic, mainiacjoe_overflow_small_starburst,
          dk_yredelemnul_ordeal, nicolae_qazlal_scattered_showers
D:6:      layout_loops_cross, nicolae_ossuary_entry_ruins,
          minmay_misc_feat_rugged, fountainhead, uniq_crazy_yiuf_cottage

Skill      XL: |  1  2  3  4  5  6  7  8 |
---------------+-------------------------+-----
Spellcasting   | 3 4 5 6 |  6.3
Stealth        | 2 |  2.4
Shields        | 1 2 |  2.1
Dodging        | 3 |  3.3
Fighting       | 1 |  1.0
Short Blades   | |  0.9

Action                   |  1- 3 |  4- 6 |  7- 9 || total
-------------------------+-------+-------+-------++-------
Melee: Dagger            |       |    23 |       ||    23
 Cast: Foxfire           |    83 |   213 |    42 ||   338
       Inner Flame       |       |     2 |     1 ||     3
       Scorch            |       |       |    22 ||    22
  Use: Potion            |       |     4 |     3 ||     7
       Scroll            |       |     3 |     3 ||     6
 Stab: Sleeping          |       |     1 |       ||     1
Armor: Robe              |     1 |    18 |     5 ||    24
       Skin              |       |     1 |       ||     1
Dodge: Dodged            |     5 |    31 |    11 ||    47
Block: Kite shield       |       |    48 |    15 ||    63

Table legend: (Time is in decaauts)
 A = Elapsed time spent in this place.
 B = Non-inter-level travel time spent in this place.
 C = Inter-level travel time spent in this place.
 D = Time resting spent in this place.
 E = Time spent auto-exploring this place.
 F = Levels seen in this place.
 G = Mean time per level.
                   A        B        C        D        E       F      G
               +--------+--------+--------+--------+--------+-----+--------+
         Total |   8439 |   8194 |    245 |    949 |   6227 |   6 | 1406.5 |
       Dungeon |   8439 |   8194 |    245 |    949 |   6227 |   6 | 1406.5 |
               +--------+--------+--------+--------+--------+-----+--------+

Top non-repeatable levels by time:
     D:4: 3442 daAuts
     D:3: 1377 daAuts
     D:2: 1223 daAuts
     D:5: 1177 daAuts
     D:1: 1092 daAuts
     D:6: 125 daAuts
